Colorado Rockies vs Toronto Maple Leafs
Created - Saturday, May 24, 2025 at 08:27
Goals
|
| Colorado Rockies |
2 |
1 |
0 |
0 |
3 |
| Toronto Maple Leafs |
1 |
0 |
2 |
1 |
4 |
|
Shots
|
| Colorado Rockies |
9 |
12 |
5 |
3 |
29 |
| Toronto Maple Leafs |
6 |
13 |
14 |
2 |
35 |
|
1st period
1. Toronto Maple Leafs , Brandon Saad 8 (Scott Laughton 14, Andrew Mangiapane 8) at 1:20
2. Colorado Rockies , Kyle Connor 26 (Nikita Zadorov 13) at 5:03
3. Colorado Rockies , Kyle Connor 27 (Philipp Kurashev 26, Kyle Palmieri 11) at 6:16
Penalties :
Nikita Zadorov (COL) for Tripping (Minor) at 7:45, Brady Tkachuk (TOR) for Tripping (Minor) at 11:51, Nino Niederreiter (TOR) for Hooking (Minor) at 16:21
2nd period
4. Colorado Rockies , Evgeny Kuznetsov 7 (Kyle Palmieri 12, Philipp Kurashev 27) at 6:33
Penalties :
Nick Bjugstad (TOR) for Roughing (Minor) at 3:05, Nikita Zadorov (COL) for Cross-checking (Minor) at 11:43, Nick Bjugstad (TOR) for Roughing (Minor) at 14:43, Evgeny Kuznetsov (COL) for Hooking (Minor) at 19:09
3rd period
5. Toronto Maple Leafs , Sam Bennett 19 (Nicolas Roy 21, Nino Niederreiter 17) at 1:21
6. Toronto Maple Leafs , Andrew Mangiapane 7 (Mario Ferraro 10, Cody Ceci 13) at 12:11
Penalties :
Vince Dunn (COL) for Slashing (Minor) at 4:07, David Pastrnak (COL) for Holding (Minor) at 4:43, Victor Hedman (COL) for Hooking (Minor) at 12:14
Overtime #1
7. Toronto Maple Leafs , Brandon Saad 9 (Mario Ferraro 11) at 4:12
Penalties :
No Penalty
Goalie Stats
Joey Daccord (COL), 31 saves from 35 shots - (0.886), OTL, 30-19-8, 64:12 minutes
Cam Talbot (TOR), 26 saves from 29 shots - (0.897), W, 23-17-6, 64:12 minutes
Players Stats for Colorado Rockies
Player Name G A P +/- PIM S H SB GA TA FO MP PP MP PK MP
------------------------------------------------------------------------------------
Andrew Peeke 0 0 0 -1 0 0 1 0 0 0 0/0 8:49 0:00 2:10
David Pastrnak 0 0 0 1 2 1 2 3 1 0 0/0 22:21 3:54 4:15
Evgeny Kuznetsov 1 0 1 -1 2 3 3 0 0 0 1/2 15:45 0:00 0:00
Jesper Bratt 0 0 0 -1 0 2 1 0 0 0 3/11 22:41 4:02 4:40
Kevin Hayes 0 0 0 0 0 0 0 0 0 0 0/0 2:30 0:00 0:00
Kyle Connor 2 0 2 2 0 4 3 1 2 2 0/0 21:42 3:54 4:40
Kyle Palmieri 0 2 2 0 0 0 2 0 1 0 1/2 15:29 3:54 0:00
Martin Fehervary 0 0 0 0 0 0 2 1 0 3 0/0 24:53 4:06 4:57
Michael Bunting 0 0 0 -1 0 3 0 0 0 0 0/1 5:46 0:00 0:00
Nick Schmaltz 0 0 0 2 0 3 0 0 0 0 10/15 11:55 0:00 0:00
Nikita Kucherov 0 0 0 -2 0 4 1 0 1 1 5/9 23:46 4:02 4:56
Nikita Zadorov 0 1 1 0 4 1 0 0 0 1 0/0 22:44 4:06 3:04
Philipp Kurashev 0 2 2 0 0 1 0 0 1 0 5/9 11:48 0:00 0:42
Quinn Hughes 0 0 0 -2 0 1 0 1 1 2 0/0 27:20 3:50 6:21
Tim Stutzle 0 0 0 -1 0 1 0 0 1 1 10/21 16:49 4:02 0:23
Victor Hedman 0 0 0 -2 2 5 5 2 0 1 0/0 25:29 3:50 4:30
Vince Dunn 0 0 0 1 2 0 1 1 0 0 0/0 12:47 0:00 0:02
Zach Whitecloud 0 0 0 1 0 0 0 0 0 0 0/0 12:14 0:00 0:00
Players Stats for Toronto Maple Leafs
Player Name G A P +/- PIM S H SB GA TA FO MP PP MP PK MP
------------------------------------------------------------------------------------
Aaron Ekblad 0 0 0 -1 0 2 1 1 0 2 0/0 26:12 5:10 3:56
Andrew Mangiapane 1 1 2 2 0 1 0 0 2 0 0/0 6:47 0:00 0:00
Brady Tkachuk 0 0 0 0 2 3 0 0 0 0 1/2 19:04 5:39 0:33
Brandon Saad 2 0 2 3 0 6 0 0 0 0 0/0 7:45 0:03 0:08
Cody Ceci 0 1 1 2 0 0 0 2 0 0 0/0 24:13 5:21 4:00
Dougie Hamilton 0 0 0 0 0 0 2 0 1 0 0/0 13:43 0:00 0:00
Mario Ferraro 0 2 2 2 0 1 4 0 0 0 0/0 24:17 5:21 4:00
Nick Bjugstad 0 0 0 -1 4 4 3 0 0 0 1/4 19:45 4:49 1:59
Nicolas Roy 0 1 1 -1 0 2 1 0 0 2 1/2 16:05 0:03 4:05
Nino Niederreiter 0 1 1 -1 2 0 1 0 1 0 1/1 11:53 0:00 0:00
Quinton Byfield 0 0 0 -1 0 4 0 0 0 0 1/2 16:06 4:49 0:00
Ryan Pulock 0 0 0 -1 0 0 1 3 1 1 0/0 26:12 5:10 3:56
Sam Bennett 1 0 1 -1 0 2 6 0 2 0 6/10 13:04 0:03 0:00
Scott Laughton 0 1 1 3 0 2 3 1 1 0 1/2 10:52 0:00 3:42
Sean Walker 0 0 0 0 0 1 1 0 0 2 0/0 13:47 0:00 0:00
Tomas Hertl 0 0 0 0 0 1 2 0 1 0 14/24 21:42 5:39 3:24
Troy Terry 0 0 0 0 0 3 3 0 2 0 0/2 17:59 5:39 0:00
Wyatt Johnston 0 0 0 -1 0 3 0 0 0 1 9/21 19:22 4:49 2:01
3 Stars
1 - Brandon Saad (TOR)
2 - Kyle Connor (COL)
3 - Mario Ferraro (TOR)
Power Play
Colorado Rockies - 0 on 4 Attempt(s) - 0.00%
Toronto Maple Leafs - 0 on 6 Attempt(s) - 0.00%
Penalty Kill
Colorado Rockies - 6 on 6 Attempt(s) - 100.00%
- Score 0 goal in Penalty Kill
Toronto Maple Leafs - 4 on 4 Attempt(s) - 100.00%
- Score 0 goal in Penalty Kill
Team Stat
Colorado Rockies - Hits : 21 - Faceoff Wins : 35 - Blocked Shots : 9 - Penalty Minutes : 12
Toronto Maple Leafs - Hits : 28 - Faceoff Wins : 35 - Blocked Shots : 7 - Penalty Minutes : 8
Official
Referees : Dan O'Rourke and Eric Furlatt
Linesman : CJ Murray and Jonny Murray
Game Notes
No Game Note
Finance
Level 1 -- Attendance: 6000 (100.00%) -- Ticket Income $564,000
Level 2 -- Attendance: 4650 (93.00%) -- Ticket Income $251,100
Level 3 -- Attendance: 2655 (88.50%) -- Ticket Income $87,615
Level 4 -- Attendance: 4788 (95.76%) -- Ticket Income $100,548
Luxury Box -- Attendance: 1000 (100.00%) -- Ticket Income $193,000
Game was played at the Air Canada Centre.
Total Attendance: 19093 (95.47%)
Total Ticket Income: $1,196,263
Other Income: $418,692
Total Income: $1,614,955
Colorado Rockies
5 vs 5 Forward
Center Left Wing Right Wing Time % Phy DF OF
1 Tim Stutzle Jesper Bratt Nikita Kucherov 30 1 2 2
2 Nick Schmaltz Kyle Connor David Pastrnak 30 1 2 2
3 Philipp Kurashev Kyle Palmieri Evgeny Kuznetsov 25 1 2 2
4 Evgeny Kuznetsov Michael Bunting Andrew Peeke 15 1 2 2
5 vs 5 Defense
Defense Defense Time % Phy DF OF
1 Victor Hedman Quinn Hughes 35 1 2 2
2 Nikita Zadorov Martin Fehervary 35 1 2 2
3 Vince Dunn Zach Whitecloud 30 1 2 2
4 Quinn Hughes Victor Hedman 0 1 2 2
PowerPlay Forward
Center Left Wing Right Wing Time % Phy DF OF
1 Tim Stutzle Jesper Bratt Nikita Kucherov 50 1 2 2
2 Kyle Palmieri Kyle Connor David Pastrnak 50 1 2 2
PowerPlay Defense
Defense Defense Time % Phy DF OF
1 Victor Hedman Quinn Hughes 50 1 2 2
2 Nikita Zadorov Martin Fehervary 50 1 2 2
Penalty Kill 4 Players Forward
Center Wing Time % Phy DF OF
1 Nikita Kucherov David Pastrnak 50 1 2 2
2 Jesper Bratt Kyle Connor 50 1 2 2
Penalty Kill 4 Players Defense
Defense Defense Time % Phy DF OF
1 Victor Hedman Quinn Hughes 50 1 2 2
2 Nikita Zadorov Martin Fehervary 50 1 2 2
Penalty Kill - 3 Players Forward
Forward Time % Phy DF OF
1 Nikita Kucherov 50 1 2 2
2 David Pastrnak 50 1 2 2
Penalty Kill - 3 Players Defense
Defense Defense Time % Phy DF OF
1 Victor Hedman Quinn Hughes 50 1 2 2
2 Nikita Zadorov Martin Fehervary 50 1 2 2
4 vs 4 Forward
Center Wing Time % Phy DF OF
1 Nikita Kucherov David Pastrnak 50 1 2 2
2 Jesper Bratt Kyle Connor 50 1 2 2
4 vs 4 Defense
Defense Defense Time % Phy DF OF
1 Victor Hedman Quinn Hughes 50 1 2 2
2 Nikita Zadorov Martin Fehervary 50 1 2 2
Last Minutes Offensive
Center Left Wing Right Wing Defense Defense
Tim Stutzle Jesper Bratt Nikita Kucherov Victor Hedman Quinn Hughes
Last Minutes Defensive
Center Left Wing Right Wing Defense Defense
Tim Stutzle Jesper Bratt Nikita Kucherov Victor Hedman Quinn Hughes
Goaltenders
Starting : Joey Daccord
Backup : Daniil Tarasov
Extra Forwards
Normal : Kevin Hayes, Kyle Palmieri, Philipp Kurashev - PP : Kevin Hayes, Kyle Palmieri - PK : Philipp Kurashev
Extra Defensemen
Normal : Vince Dunn, Victor Hedman, Andrew Peeke - PP : Vince Dunn - PK : Quinn Hughes, Andrew Peeke
Penalty Shots
Nikita Kucherov, David Pastrnak, Jesper Bratt, Kyle Connor, Tim Stutzle
Scratches
Nick Bonino (Healthy), Arvid Soderblom (Healthy)
Toronto Maple Leafs
5 vs 5 Forward
Center Left Wing Right Wing Time % Phy DF OF
1 Tomas Hertl Brady Tkachuk Troy Terry 30 1 2 2
2 Wyatt Johnston Quinton Byfield Nick Bjugstad 30 1 2 2
3 Sam Bennett Nino Niederreiter Nicolas Roy 30 1 2 2
4 Scott Laughton Brandon Saad Andrew Mangiapane 10 1 2 2
5 vs 5 Defense
Defense Defense Time % Phy DF OF
1 Aaron Ekblad Ryan Pulock 30 1 2 2
2 Cody Ceci Mario Ferraro 30 1 2 2
3 Sean Walker Dougie Hamilton 30 1 2 2
4 Aaron Ekblad Ryan Pulock 10 1 0 2
PowerPlay Forward
Center Left Wing Right Wing Time % Phy DF OF
1 Tomas Hertl Brady Tkachuk Troy Terry 50 1 2 2
2 Wyatt Johnston Quinton Byfield Nick Bjugstad 50 1 2 2
PowerPlay Defense
Defense Defense Time % Phy DF OF
1 Aaron Ekblad Ryan Pulock 50 1 2 2
2 Cody Ceci Mario Ferraro 50 1 2 2
Penalty Kill 4 Players Forward
Center Wing Time % Phy DF OF
1 Tomas Hertl Scott Laughton 50 1 2 2
2 Nick Bjugstad Nicolas Roy 50 1 2 2
Penalty Kill 4 Players Defense
Defense Defense Time % Phy DF OF
1 Aaron Ekblad Ryan Pulock 50 1 2 2
2 Cody Ceci Mario Ferraro 50 1 2 2
Penalty Kill - 3 Players Forward
Forward Time % Phy DF OF
1 Tomas Hertl 50 1 2 2
2 Nick Bjugstad 50 1 2 2
Penalty Kill - 3 Players Defense
Defense Defense Time % Phy DF OF
1 Aaron Ekblad Ryan Pulock 50 1 2 2
2 Cody Ceci Mario Ferraro 50 1 2 2
4 vs 4 Forward
Center Wing Time % Phy DF OF
1 Tomas Hertl Brady Tkachuk 50 1 2 2
2 Nick Bjugstad Troy Terry 50 1 2 2
4 vs 4 Defense
Defense Defense Time % Phy DF OF
1 Aaron Ekblad Ryan Pulock 50 1 2 2
2 Cody Ceci Mario Ferraro 50 1 2 2
Last Minutes Offensive
Center Left Wing Right Wing Defense Defense
Tomas Hertl Brady Tkachuk Troy Terry Aaron Ekblad Ryan Pulock
Last Minutes Defensive
Center Left Wing Right Wing Defense Defense
Tomas Hertl Sam Bennett Nick Bjugstad Aaron Ekblad Ryan Pulock
Goaltenders
Starting : Cam Talbot
Backup : Frederik Andersen
Extra Forwards
Normal : Wyatt Johnston, Sam Bennett, Scott Laughton - PP : Wyatt Johnston, Sam Bennett - PK : Scott Laughton
Extra Defensemen
Normal : Sean Walker, Dougie Hamilton, Cody Ceci - PP : Sean Walker - PK : Dougie Hamilton, Cody Ceci
Penalty Shots
Brady Tkachuk, Tomas Hertl, Troy Terry, Nick Bjugstad, Wyatt Johnston
Scratches
Bowen Byram (Healthy), Kyle Okposo (Healthy), Warren Foegele (Healthy), Luke Schenn (Healthy), Pierre Engvall (Healthy)
% Time on Ice - Colorado Rockies
Lines # - Real PCT - Wanted PCT - Time Play
Normal Forward
1 - 31% - 30% - 12:51
2 - 29% - 30% - 12:12
3 - 26% - 25% - 10:44
4 - 14% - 15% - 5:46
Normal Defense
1 - 35% - 35% - 14:28
2 - 34% - 35% - 14:17
3 - 29% - 30% - 12:14
4 - 1% - 0% - 0:34
PP Forward
1 - 51% - 50% - 4:02
2 - 49% - 50% - 3:54
PP Defense
1 - 48% - 50% - 3:50
2 - 52% - 50% - 4:06
PK Forward
1 - 49% - 50% - 4:26
2 - 51% - 50% - 4:42
PK Defense
1 - 51% - 50% - 4:39
2 - 49% - 50% - 4:29
PK3 Forward
1 - 36% - 50% - 0:30
2 - 64% - 50% - 0:53
PK3 Defense
1 - 66% - 50% - 0:55
2 - 34% - 50% - 0:28
44 Forward
1 - 46% - 50% - 1:57
2 - 54% - 50% - 2:15
44 Defense
1 - 50% - 50% - 2:07
2 - 50% - 50% - 2:05
Last Minute Offensive - 0:00
Last Minute Defensive - 0:00
Total
Forward - 64:12
Defense - 64:12
|
% Time on Ice - Toronto Maple Leafs
Lines # - Real PCT - Wanted PCT - Time Play
Normal Forward
1 - 27% - 30% - 11:20
2 - 28% - 30% - 11:38
3 - 28% - 30% - 11:48
4 - 16% - 10% - 6:47
Normal Defense
1 - 33% - 30% - 13:41
2 - 31% - 30% - 13:04
3 - 32% - 30% - 13:23
4 - 3% - 10% - 1:25
PP Forward
1 - 54% - 50% - 5:42
2 - 46% - 50% - 4:49
PP Defense
1 - 49% - 50% - 5:10
2 - 51% - 50% - 5:21
PK Forward
1 - 46% - 50% - 3:41
2 - 54% - 50% - 4:15
PK Defense
1 - 50% - 50% - 3:56
2 - 50% - 50% - 4:00
PK3 Forward
1 - 0% - 50%
2 - 0% - 50%
PK3 Defense
1 - 0% - 50%
2 - 0% - 50%
44 Forward
1 - 48% - 50% - 2:01
2 - 52% - 50% - 2:11
44 Defense
1 - 48% - 50% - 2:00
2 - 52% - 50% - 2:12
Last Minute Offensive - 0:00
Last Minute Defensive - 0:00
Total
Forward - 64:12
Defense - 64:12
|
Play-by-Play
1st period
0:01 of 1st period - Tim Stutzle wins face-off versus Tomas Hertl in neutral zone.
0:34 of 1st period - Wrist shot by Quinton Byfield.
0:34 of 1st period - Shot Blocked by Victor Hedman.
0:36 of 1st period - Snap shot by Nick Bjugstad.
0:36 of 1st period - Shot Misses the Net.
0:38 of 1st period - Snap shot by Wyatt Johnston.
0:38 of 1st period - Stopped by Joey Daccord with a rebound.
1:18 of 1st period - Snap shot by Scott Laughton.
1:18 of 1st period - Shot Misses the Net.
1:20 of 1st period - Slapshot by Brandon Saad.
1:20 of 1st period - Goal by Brandon Saad - Colorado Rockies : 0 - Toronto Maple Leafs : 1.
1:21 of 1st period - Evgeny Kuznetsov wins face-off versus Wyatt Johnston in neutral zone.
1:49 of 1st period - Wrist shot by Nikita Kucherov.
1:49 of 1st period - Stopped by Cam Talbot with a rebound.
1:51 of 1st period - Snap shot by Nikita Kucherov.
1:51 of 1st period - Shot Misses the Net.
2:33 of 1st period - Wrist shot by Quinton Byfield.
2:33 of 1st period - Stopped by Joey Daccord without a rebound.
2:34 of 1st period - Nick Schmaltz wins face-off versus Tomas Hertl in Colorado Rockies zone.
2:58 of 1st period - Icing by Tomas Hertl.
2:59 of 1st period - Tim Stutzle wins face-off versus Tomas Hertl in Toronto Maple Leafs zone.
3:00 of 1st period - Snap shot by Jesper Bratt.
3:00 of 1st period - Stopped by Cam Talbot with a rebound.
3:14 of 1st period - Andrew Peeke is hit by Tomas Hertl and loses puck.
3:32 of 1st period - Off-side.
3:33 of 1st period - Sam Bennett wins face-off versus Nick Schmaltz in neutral zone.
3:58 of 1st period - Zach Whitecloud is hit by Nick Bjugstad and loses puck.
4:03 of 1st period - Snap shot by Wyatt Johnston.
4:03 of 1st period - Stopped by Joey Daccord without a rebound.
4:04 of 1st period - Wyatt Johnston wins face-off versus Tim Stutzle in Colorado Rockies zone.
4:09 of 1st period - Snap shot by Wyatt Johnston.
4:09 of 1st period - Shot Misses the Net.
4:39 of 1st period - Nick Bjugstad is hit by Kyle Palmieri and loses puck.
5:03 of 1st period - Snap shot by Kyle Connor.
5:03 of 1st period - Goal by Kyle Connor - Colorado Rockies : 1 - Toronto Maple Leafs : 1.
5:04 of 1st period - Tim Stutzle wins face-off versus Nicolas Roy in neutral zone.
5:07 of 1st period - Ryan Pulock is hit by Victor Hedman and loses puck.
5:14 of 1st period - Tim Stutzle is hit by Ryan Pulock and loses puck.
5:29 of 1st period - Jesper Bratt is hit by Scott Laughton and loses puck.
6:16 of 1st period - Wrist shot by Kyle Connor.
6:16 of 1st period - Goal by Kyle Connor - Colorado Rockies : 2 - Toronto Maple Leafs : 1.
6:17 of 1st period - Sam Bennett wins face-off versus Evgeny Kuznetsov in neutral zone.
7:30 of 1st period - Wrist shot by Wyatt Johnston.
7:30 of 1st period - Deflect By Quinton Byfield.
7:30 of 1st period - Shot Misses the Net.
7:30 of 1st period - Puck is out of play.
7:31 of 1st period - Sam Bennett wins face-off versus Nick Schmaltz in Colorado Rockies zone.
7:45 of 1st period - Minor Penalty to Nikita Zadorov for Tripping.
7:46 of 1st period - Tomas Hertl wins face-off versus Nikita Kucherov in Colorado Rockies zone.
7:58 of 1st period - Wrist shot by Tomas Hertl.
7:58 of 1st period - Shot Blocked by Victor Hedman.
8:00 of 1st period - Snap shot by Tomas Hertl.
8:00 of 1st period - Stopped by Joey Daccord with a rebound.
8:02 of 1st period - Slapshot by Aaron Ekblad.
8:02 of 1st period - Shot Blocked by David Pastrnak.
8:12 of 1st period - Ryan Pulock is hit by Victor Hedman and loses puck.
9:15 of 1st period - Andrew Peeke is hit by Nick Bjugstad and loses puck.
9:45 of 1st period - Penalty to Nikita Zadorov is over, Nikita Zadorov is back on ice.
9:45 of 1st period - Icing by David Pastrnak.
9:46 of 1st period - Nikita Kucherov wins face-off versus Sam Bennett in Colorado Rockies zone.
10:25 of 1st period - Wrist shot by Evgeny Kuznetsov.
10:25 of 1st period - Stopped by Cam Talbot with a rebound.
10:43 of 1st period - Snap shot by Nikita Kucherov.
10:43 of 1st period - Shot Misses the Net.
11:15 of 1st period - Snap shot by Evgeny Kuznetsov.
11:15 of 1st period - Shot Misses the Net.
11:29 of 1st period - Martin Fehervary is hit by Sam Bennett and loses puck.
11:51 of 1st period - Minor Penalty to Brady Tkachuk for Tripping.
11:52 of 1st period - Tomas Hertl wins face-off versus Tim Stutzle in Toronto Maple Leafs zone.
13:23 of 1st period - Scott Laughton is hit by David Pastrnak and loses puck.
13:51 of 1st period - Penalty to Brady Tkachuk is over, Brady Tkachuk is back on ice.
14:30 of 1st period - Nikita Kucherov is hit by Troy Terry and loses puck.
14:43 of 1st period - Evgeny Kuznetsov is hit by Sean Walker and loses puck.
14:56 of 1st period - Quinton Byfield is hit by David Pastrnak.
15:02 of 1st period - Nick Schmaltz is hit by Nick Bjugstad and loses puck.
15:29 of 1st period - Victor Hedman is hit by Sam Bennett and loses puck.
15:34 of 1st period - Snap shot by Sam Bennett.
15:34 of 1st period - Shot Hit the Post.
15:36 of 1st period - Slapshot by Nicolas Roy.
15:36 of 1st period - Deflect By Nino Niederreiter.
15:36 of 1st period - Shot Blocked by Quinn Hughes.
15:36 of 1st period - Puck is out of play.
15:37 of 1st period - Tomas Hertl wins face-off versus Tim Stutzle in Colorado Rockies zone.
15:48 of 1st period - Slapshot by Troy Terry.
15:48 of 1st period - Stopped by Joey Daccord with a rebound.
16:15 of 1st period - Snap shot by Evgeny Kuznetsov.
16:15 of 1st period - Shot Misses the Net.
16:21 of 1st period - Minor Penalty to Nino Niederreiter for Hooking.
16:22 of 1st period - Tim Stutzle wins face-off versus Nick Bjugstad in Toronto Maple Leafs zone.
16:49 of 1st period - David Pastrnak is hit by Scott Laughton and loses puck.
16:56 of 1st period - Tomas Hertl is hit by Kyle Connor and loses puck.
17:45 of 1st period - Mario Ferraro is hit by Martin Fehervary and loses puck.
18:21 of 1st period - Penalty to Nino Niederreiter is over, Nino Niederreiter is back on ice.
18:26 of 1st period - Slapshot by Michael Bunting.
18:26 of 1st period - Stopped by Cam Talbot without a rebound.
18:27 of 1st period - Tomas Hertl wins face-off versus Michael Bunting in Toronto Maple Leafs zone.
18:27 of 1st period - Tomas Hertl is hit by Evgeny Kuznetsov.
18:37 of 1st period - Backhand shot by Michael Bunting.
18:37 of 1st period - Stopped by Cam Talbot without a rebound.
18:38 of 1st period - Tim Stutzle wins face-off versus Sam Bennett in Toronto Maple Leafs zone.
18:47 of 1st period - Wrist shot by Nikita Kucherov.
18:47 of 1st period - Deflect By Jesper Bratt.
18:47 of 1st period - Shot Misses the Net.
18:47 of 1st period - Puck is out of play.
18:48 of 1st period - Sam Bennett wins face-off versus Tim Stutzle in Toronto Maple Leafs zone.
18:57 of 1st period - Snap shot by Jesper Bratt.
18:57 of 1st period - Shot Blocked by Aaron Ekblad.
19:03 of 1st period - Snap shot by Tim Stutzle.
19:03 of 1st period - Shot Blocked by Ryan Pulock.
19:05 of 1st period - Snap shot by Jesper Bratt.
19:05 of 1st period - Stopped by Cam Talbot with a rebound.
19:07 of 1st period - Snap shot by Nikita Kucherov.
19:07 of 1st period - Shot Hit the Post.
19:09 of 1st period - Slapshot by Nikita Zadorov.
19:09 of 1st period - Stopped by Cam Talbot without a rebound.
19:10 of 1st period - Wyatt Johnston wins face-off versus Nick Schmaltz in Toronto Maple Leafs zone.
19:12 of 1st period - Quinton Byfield is hit by Vince Dunn and loses puck.
19:37 of 1st period - Zach Whitecloud is hit by Sam Bennett.
Goals for this period are 2 for Colorado Rockies vs 1 for Toronto Maple Leafs.
Shots for this period are 9 for Colorado Rockies vs 6 for Toronto Maple Leafs.
2nd period
0:01 of 2nd period - Nick Schmaltz wins face-off versus Wyatt Johnston in neutral zone.
0:06 of 2nd period - Snap shot by Nick Schmaltz.
0:06 of 2nd period - Stopped by Cam Talbot without a rebound.
0:07 of 2nd period - Nick Schmaltz wins face-off versus Wyatt Johnston in Toronto Maple Leafs zone.
0:22 of 2nd period - Wrist shot by Nick Schmaltz.
0:22 of 2nd period - Stopped by Cam Talbot with a rebound.
0:34 of 2nd period - Wrist shot by Quinton Byfield.
0:34 of 2nd period - Stopped by Joey Daccord without a rebound.
0:35 of 2nd period - Philipp Kurashev wins face-off versus Sam Bennett in Colorado Rockies zone.
0:40 of 2nd period - Snap shot by Philipp Kurashev.
0:40 of 2nd period - Shot Hit the Post.
1:30 of 2nd period - Snap shot by Wyatt Johnston.
1:30 of 2nd period - Shot Misses the Net.
2:20 of 2nd period - Snap shot by Nick Schmaltz.
2:20 of 2nd period - Stopped by Cam Talbot without a rebound.
2:21 of 2nd period - Nick Schmaltz wins face-off versus Troy Terry in Toronto Maple Leafs zone.
2:36 of 2nd period - Snap shot by Troy Terry.
2:36 of 2nd period - Shot Blocked by David Pastrnak.
2:48 of 2nd period - Victor Hedman is hit by Nicolas Roy.
2:58 of 2nd period - Snap shot by Evgeny Kuznetsov.
2:58 of 2nd period - Stopped by Cam Talbot without a rebound.
2:59 of 2nd period - Tim Stutzle wins face-off versus Wyatt Johnston in Toronto Maple Leafs zone.
3:00 of 2nd period - Wrist shot by Nikita Kucherov.
3:00 of 2nd period - Deflect By Tim Stutzle.
3:00 of 2nd period - Shot Misses the Net.
3:00 of 2nd period - Puck is out of play.
3:01 of 2nd period - Tim Stutzle wins face-off versus Wyatt Johnston in Toronto Maple Leafs zone.
3:05 of 2nd period - Minor Penalty to Nick Bjugstad for Roughing.
3:06 of 2nd period - Tomas Hertl wins face-off versus Tim Stutzle in Toronto Maple Leafs zone.
4:42 of 2nd period - Wyatt Johnston is hit by Jesper Bratt and loses puck.
5:05 of 2nd period - Penalty to Nick Bjugstad is over, Nick Bjugstad is back on ice.
5:30 of 2nd period - Snap shot by Brady Tkachuk.
5:30 of 2nd period - Deflect By Troy Terry.
5:30 of 2nd period - Shot Misses the Net.
5:30 of 2nd period - Puck is out of play.
5:31 of 2nd period - Tomas Hertl wins face-off versus Tim Stutzle in Colorado Rockies zone.
5:32 of 2nd period - Wrist shot by Troy Terry.
5:32 of 2nd period - Stopped by Joey Daccord without a rebound.
5:33 of 2nd period - Tim Stutzle wins face-off versus Troy Terry in Colorado Rockies zone.
5:38 of 2nd period - Slapshot by Nikita Kucherov.
5:38 of 2nd period - Stopped by Cam Talbot without a rebound.
5:39 of 2nd period - Sam Bennett wins face-off versus Tim Stutzle in Toronto Maple Leafs zone.
5:53 of 2nd period - Off-side.
5:54 of 2nd period - Nick Schmaltz wins face-off versus Tomas Hertl in neutral zone.
6:31 of 2nd period - Wrist shot by Kyle Palmieri.
6:31 of 2nd period - Shot Misses the Net.
6:33 of 2nd period - Snap shot by Evgeny Kuznetsov.
6:33 of 2nd period - Goal by Evgeny Kuznetsov - Colorado Rockies : 3 - Toronto Maple Leafs : 1.
6:34 of 2nd period - Wyatt Johnston wins face-off versus Tim Stutzle in neutral zone.
7:00 of 2nd period - Nick Schmaltz is hit by Nino Niederreiter and loses puck.
7:25 of 2nd period - Snap shot by Scott Laughton.
7:25 of 2nd period - Shot Misses the Net.
7:27 of 2nd period - Snap shot by Brandon Saad.
7:27 of 2nd period - Stopped by Joey Daccord with a rebound.
7:29 of 2nd period - Slapshot by Sean Walker.
7:29 of 2nd period - Stopped by Joey Daccord without a rebound.
7:30 of 2nd period - Philipp Kurashev wins face-off versus Scott Laughton in Colorado Rockies zone.
7:35 of 2nd period - Slapshot by Victor Hedman.
7:35 of 2nd period - Stopped by Cam Talbot with a rebound.
8:05 of 2nd period - Off-side.
8:06 of 2nd period - Philipp Kurashev wins face-off versus Quinton Byfield in neutral zone.
8:29 of 2nd period - Wyatt Johnston is hit by Kyle Palmieri and loses puck.
8:56 of 2nd period - Martin Fehervary is hit by Mario Ferraro and loses puck.
9:05 of 2nd period - Snap shot by Nick Bjugstad.
9:05 of 2nd period - Stopped by Joey Daccord without a rebound.
9:06 of 2nd period - Jesper Bratt wins face-off versus Tomas Hertl in Colorado Rockies zone.
9:21 of 2nd period - Slapshot by Victor Hedman.
9:21 of 2nd period - Shot Blocked by Ryan Pulock.
9:23 of 2nd period - Slapshot by Victor Hedman.
9:23 of 2nd period - Deflect By Ryan Pulock.
9:23 of 2nd period - Stopped by Cam Talbot with a rebound.
9:33 of 2nd period - Nicolas Roy is hit by Victor Hedman and loses puck.
9:42 of 2nd period - Wrist shot by Kyle Connor.
9:42 of 2nd period - Shot Misses the Net.
9:44 of 2nd period - Snap shot by Vince Dunn.
9:44 of 2nd period - Shot Blocked by Ryan Pulock.
10:08 of 2nd period - Wrist shot by Nicolas Roy.
10:08 of 2nd period - Deflect By Scott Laughton.
10:08 of 2nd period - Stopped by Joey Daccord with a rebound.
10:10 of 2nd period - Snap shot by Brandon Saad.
10:10 of 2nd period - Deflect By Michael Bunting.
10:10 of 2nd period - Stopped by Joey Daccord with a rebound.
10:37 of 2nd period - Nick Schmaltz is hit by Troy Terry and loses puck.
10:56 of 2nd period - Snap shot by Wyatt Johnston.
10:56 of 2nd period - Shot Misses the Net.
11:18 of 2nd period - Off-side.
11:19 of 2nd period - Nicolas Roy wins face-off versus Jesper Bratt in neutral zone.
11:36 of 2nd period - Icing by Tim Stutzle.
11:37 of 2nd period - Tomas Hertl wins face-off versus Tim Stutzle in Colorado Rockies zone.
11:43 of 2nd period - Minor Penalty to Nikita Zadorov for Cross-checking.
11:44 of 2nd period - Wyatt Johnston wins face-off versus Jesper Bratt in Colorado Rockies zone.
11:48 of 2nd period - Wrist shot by Wyatt Johnston.
11:48 of 2nd period - Stopped by Joey Daccord without a rebound.
11:49 of 2nd period - Jesper Bratt wins face-off versus Wyatt Johnston in Colorado Rockies zone.
11:58 of 2nd period - Wrist shot by Jesper Bratt.
11:58 of 2nd period - Shot Misses the Net.
12:00 of 2nd period - Slapshot by Victor Hedman.
12:00 of 2nd period - Stopped by Cam Talbot without a rebound.
12:01 of 2nd period - Nikita Kucherov wins face-off versus Tomas Hertl in Toronto Maple Leafs zone.
12:47 of 2nd period - Off-side.
12:48 of 2nd period - Tomas Hertl wins face-off versus Jesper Bratt in neutral zone.
13:43 of 2nd period - Penalty to Nikita Zadorov is over, Nikita Zadorov is back on ice.
14:03 of 2nd period - Snap shot by Philipp Kurashev.
14:03 of 2nd period - Stopped by Cam Talbot without a rebound.
14:04 of 2nd period - Quinton Byfield wins face-off versus Philipp Kurashev in Toronto Maple Leafs zone.
14:12 of 2nd period - Icing by Nick Bjugstad.
14:13 of 2nd period - Kyle Palmieri wins face-off versus Wyatt Johnston in Toronto Maple Leafs zone.
14:34 of 2nd period - Slapshot by Quinton Byfield.
14:34 of 2nd period - Shot Misses the Net.
14:43 of 2nd period - Minor Penalty to Nick Bjugstad for Roughing.
14:44 of 2nd period - Tomas Hertl wins face-off versus Tim Stutzle in Toronto Maple Leafs zone.
15:05 of 2nd period - Ryan Pulock is hit by Victor Hedman and loses puck.
15:18 of 2nd period - Slapshot by Victor Hedman.
15:18 of 2nd period - Stopped by Cam Talbot with a rebound.
15:40 of 2nd period - Snap shot by Nikita Kucherov.
15:40 of 2nd period - Shot Blocked by Scott Laughton.
15:42 of 2nd period - Wrist shot by Tim Stutzle.
15:42 of 2nd period - Stopped by Cam Talbot without a rebound.
15:43 of 2nd period - Wyatt Johnston wins face-off versus Kyle Palmieri in Toronto Maple Leafs zone.
16:43 of 2nd period - Penalty to Nick Bjugstad is over, Nick Bjugstad is back on ice.
16:54 of 2nd period - Tomas Hertl is hit by Andrew Peeke and loses puck.
17:21 of 2nd period - Philipp Kurashev is hit by Scott Laughton and loses puck.
18:19 of 2nd period - Snap shot by Brady Tkachuk.
18:19 of 2nd period - Deflect By Troy Terry.
18:19 of 2nd period - Stopped by Joey Daccord without a rebound.
18:20 of 2nd period - Tomas Hertl wins face-off versus Nick Schmaltz in Colorado Rockies zone.
18:53 of 2nd period - Wrist shot by Nino Niederreiter.
18:53 of 2nd period - Shot Misses the Net.
18:55 of 2nd period - Wrist shot by Nick Bjugstad.
18:55 of 2nd period - Stopped by Joey Daccord without a rebound.
18:56 of 2nd period - Philipp Kurashev wins face-off versus Wyatt Johnston in Colorado Rockies zone.
19:09 of 2nd period - Minor Penalty to Evgeny Kuznetsov for Hooking.
19:10 of 2nd period - Wyatt Johnston wins face-off versus Nikita Kucherov in Colorado Rockies zone.
19:27 of 2nd period - Martin Fehervary is hit by Mario Ferraro and loses puck.
19:42 of 2nd period - Slapshot by Brady Tkachuk.
19:42 of 2nd period - Stopped by Joey Daccord with a rebound.
19:44 of 2nd period - Snap shot by Brady Tkachuk.
19:44 of 2nd period - Stopped by Joey Daccord with a rebound.
19:46 of 2nd period - Slapshot by Mario Ferraro.
19:46 of 2nd period - Stopped by Joey Daccord with a rebound.
19:48 of 2nd period - Wrist shot by Cody Ceci.
19:48 of 2nd period - Deflect By Troy Terry.
19:48 of 2nd period - Shot Misses the Net.
19:48 of 2nd period - Puck is out of play.
19:49 of 2nd period - Wyatt Johnston wins face-off versus Jesper Bratt in Colorado Rockies zone.
Goals for this period are 1 for Colorado Rockies vs 0 for Toronto Maple Leafs.
Shots for this period are 12 for Colorado Rockies vs 13 for Toronto Maple Leafs.
3rd period
0:01 of 3rd period - Tomas Hertl wins face-off versus Nikita Kucherov in neutral zone.
1:09 of 3rd period - Penalty to Evgeny Kuznetsov is over, Evgeny Kuznetsov is back on ice.
1:17 of 3rd period - Snap shot by Nicolas Roy.
1:17 of 3rd period - Stopped by Joey Daccord without a rebound.
1:18 of 3rd period - Nino Niederreiter wins face-off versus Philipp Kurashev in Colorado Rockies zone.
1:21 of 3rd period - Wrist shot by Nicolas Roy.
1:21 of 3rd period - Deflect By Sam Bennett.
1:21 of 3rd period - Goal by Sam Bennett - Colorado Rockies : 3 - Toronto Maple Leafs : 2.
1:22 of 3rd period - Nick Schmaltz wins face-off versus Brady Tkachuk in neutral zone.
1:48 of 3rd period - Victor Hedman is hit by Sam Bennett and loses puck.
2:33 of 3rd period - Snap shot by Nikita Kucherov.
2:33 of 3rd period - Stopped by Cam Talbot with a rebound.
2:35 of 3rd period - Wrist shot by Tim Stutzle.
2:35 of 3rd period - Shot Misses the Net.
2:50 of 3rd period - Icing by Wyatt Johnston.
2:51 of 3rd period - Nick Schmaltz wins face-off versus Nick Bjugstad in Toronto Maple Leafs zone.
3:00 of 3rd period - Slapshot by David Pastrnak.
3:00 of 3rd period - Stopped by Cam Talbot without a rebound.
3:01 of 3rd period - Nick Schmaltz wins face-off versus Tomas Hertl in Toronto Maple Leafs zone.
3:02 of 3rd period - Wrist shot by David Pastrnak.
3:02 of 3rd period - Shot Misses the Net.
3:04 of 3rd period - Snap shot by Kyle Connor.
3:04 of 3rd period - Stopped by Cam Talbot without a rebound.
3:05 of 3rd period - Nick Schmaltz wins face-off versus Tomas Hertl in Toronto Maple Leafs zone.
3:52 of 3rd period - Snap shot by Quinton Byfield.
3:52 of 3rd period - Stopped by Joey Daccord with a rebound.
3:54 of 3rd period - Snap shot by Nick Bjugstad.
3:54 of 3rd period - Stopped by Joey Daccord without a rebound.
3:55 of 3rd period - Tim Stutzle wins face-off versus Wyatt Johnston in Colorado Rockies zone.
4:07 of 3rd period - Minor Penalty to Vince Dunn for Slashing.
4:08 of 3rd period - Tomas Hertl wins face-off versus Jesper Bratt in Colorado Rockies zone.
4:13 of 3rd period - Snap shot by Tomas Hertl.
4:13 of 3rd period - Shot Misses the Net.
4:15 of 3rd period - Slapshot by Aaron Ekblad.
4:15 of 3rd period - Stopped by Joey Daccord without a rebound.
4:16 of 3rd period - Tomas Hertl wins face-off versus Jesper Bratt in Colorado Rockies zone.
4:43 of 3rd period - Minor Penalty to David Pastrnak for Holding.
4:44 of 3rd period - Nikita Kucherov wins face-off versus Wyatt Johnston in Colorado Rockies zone.
5:00 of 3rd period - Slapshot by Wyatt Johnston.
5:00 of 3rd period - Shot Misses the Net.
5:22 of 3rd period - Wrist shot by Nikita Kucherov.
5:22 of 3rd period - Shot Blocked by Cody Ceci.
5:32 of 3rd period - Victor Hedman is hit by Troy Terry and loses puck.
5:57 of 3rd period - Off-side.
5:58 of 3rd period - Wyatt Johnston wins face-off versus Tim Stutzle in neutral zone.
6:07 of 3rd period - Penalty to Vince Dunn is over, Vince Dunn is back on ice.
6:08 of 3rd period - Off-side.
6:09 of 3rd period - Wyatt Johnston wins face-off versus Jesper Bratt in neutral zone.
6:43 of 3rd period - Penalty to David Pastrnak is over, David Pastrnak is back on ice.
6:59 of 3rd period - Victor Hedman is hit by Sam Bennett and loses puck.
8:28 of 3rd period - Snap shot by Quinton Byfield.
8:28 of 3rd period - Shot Misses the Net.
8:40 of 3rd period - Ryan Pulock is hit by Evgeny Kuznetsov and loses puck.
8:57 of 3rd period - Victor Hedman is hit by Aaron Ekblad and loses puck.
9:14 of 3rd period - Victor Hedman is hit by Dougie Hamilton and loses puck.
9:55 of 3rd period - Snap shot by Scott Laughton.
9:55 of 3rd period - Stopped by Joey Daccord with a rebound.
9:57 of 3rd period - Slapshot by Brandon Saad.
9:57 of 3rd period - Stopped by Joey Daccord with a rebound.
9:59 of 3rd period - Snap shot by Scott Laughton.
9:59 of 3rd period - Shot Misses the Net.
10:01 of 3rd period - Snap shot by Scott Laughton.
10:01 of 3rd period - Shot Misses the Net.
10:45 of 3rd period - Snap shot by Nick Bjugstad.
10:45 of 3rd period - Shot Blocked by Vince Dunn.
10:47 of 3rd period - Slapshot by Quinton Byfield.
10:47 of 3rd period - Stopped by Joey Daccord with a rebound.
10:49 of 3rd period - Slapshot by Nick Bjugstad.
10:49 of 3rd period - Stopped by Joey Daccord with a rebound.
11:42 of 3rd period - Scott Laughton is hit by Evgeny Kuznetsov and loses puck.
12:09 of 3rd period - Snap shot by Andrew Mangiapane.
12:09 of 3rd period - Shot Blocked by Martin Fehervary.
12:11 of 3rd period - Wrist shot by Andrew Mangiapane.
12:11 of 3rd period - Deflect By Michael Bunting.
12:11 of 3rd period - Goal by Andrew Mangiapane - Colorado Rockies : 3 - Toronto Maple Leafs : 3.
12:12 of 3rd period - Nick Schmaltz wins face-off versus Tomas Hertl in neutral zone.
12:14 of 3rd period - Minor Penalty to Victor Hedman for Hooking.
12:15 of 3rd period - Nikita Kucherov wins face-off versus Wyatt Johnston in Colorado Rockies zone.
12:27 of 3rd period - Wrist shot by Quinton Byfield.
12:27 of 3rd period - Shot Misses the Net.
14:06 of 3rd period - Jesper Bratt is hit by Mario Ferraro and loses puck.
14:14 of 3rd period - Penalty to Victor Hedman is over, Victor Hedman is back on ice.
16:21 of 3rd period - Icing by Tim Stutzle.
16:22 of 3rd period - Tim Stutzle wins face-off versus Wyatt Johnston in Colorado Rockies zone.
16:27 of 3rd period - Off-side.
16:28 of 3rd period - Scott Laughton wins face-off versus Philipp Kurashev in neutral zone.
17:05 of 3rd period - Troy Terry is hit by Nikita Kucherov and loses puck.
17:47 of 3rd period - Slapshot by Quinn Hughes.
17:47 of 3rd period - Stopped by Cam Talbot with a rebound.
17:49 of 3rd period - Slapshot by Victor Hedman.
17:49 of 3rd period - Deflect By Michael Bunting.
17:49 of 3rd period - Stopped by Cam Talbot with a rebound.
18:07 of 3rd period - Snap shot by Tomas Hertl.
18:07 of 3rd period - Deflect By Brady Tkachuk.
18:07 of 3rd period - Stopped by Joey Daccord without a rebound.
18:08 of 3rd period - Tomas Hertl wins face-off versus Nick Schmaltz in Colorado Rockies zone.
18:09 of 3rd period - Snap shot by Brady Tkachuk.
18:09 of 3rd period - Shot Blocked by David Pastrnak.
18:47 of 3rd period - Dougie Hamilton is hit by Kyle Connor and loses puck.
18:53 of 3rd period - Sean Walker is hit by Kyle Connor and loses puck.
19:06 of 3rd period - Snap shot by Troy Terry.
19:06 of 3rd period - Shot Misses the Net.
19:11 of 3rd period - Off-side.
19:12 of 3rd period - Sam Bennett wins face-off versus Philipp Kurashev in neutral zone.
19:19 of 3rd period - Backhand shot by Sam Bennett.
19:19 of 3rd period - Shot Misses the Net.
19:21 of 3rd period - Snap shot by Sam Bennett.
19:21 of 3rd period - Stopped by Joey Daccord without a rebound.
19:22 of 3rd period - Philipp Kurashev wins face-off versus Sam Bennett in Colorado Rockies zone.
19:56 of 3rd period - Slapshot by Aaron Ekblad.
19:56 of 3rd period - Deflect By Philipp Kurashev.
19:56 of 3rd period - Stopped by Joey Daccord with a rebound.
19:58 of 3rd period - Snap shot by Nicolas Roy.
19:58 of 3rd period - Stopped by Joey Daccord with a rebound.
Goals for this period are 0 for Colorado Rockies vs 2 for Toronto Maple Leafs.
Shots for this period are 5 for Colorado Rockies vs 14 for Toronto Maple Leafs.
Overtime #1
0:01 of 1st overtime period - Nikita Kucherov wins face-off versus Tomas Hertl in neutral zone.
0:08 of 1st overtime period - Slapshot by Nikita Kucherov.
0:08 of 1st overtime period - Stopped by Cam Talbot without a rebound.
0:09 of 1st overtime period - Brady Tkachuk wins face-off versus Nikita Kucherov in Toronto Maple Leafs zone.
0:26 of 1st overtime period - Wrist shot by Victor Hedman.
0:26 of 1st overtime period - Stopped by Cam Talbot without a rebound.
0:27 of 1st overtime period - Jesper Bratt wins face-off versus Nick Bjugstad in Toronto Maple Leafs zone.
0:32 of 1st overtime period - Slapshot by Kyle Connor.
0:32 of 1st overtime period - Stopped by Cam Talbot without a rebound.
0:33 of 1st overtime period - Nick Bjugstad wins face-off versus Jesper Bratt in Toronto Maple Leafs zone.
0:40 of 1st overtime period - Wrist shot by Jesper Bratt.
0:40 of 1st overtime period - Shot Blocked by Cody Ceci.
0:50 of 1st overtime period - Wrist shot by Nick Bjugstad.
0:50 of 1st overtime period - Shot Blocked by Kyle Connor.
1:02 of 1st overtime period - Mario Ferraro is hit by Martin Fehervary and loses puck.
1:29 of 1st overtime period - Nikita Kucherov is hit by Tomas Hertl and loses puck.
2:38 of 1st overtime period - Cody Ceci is hit by Victor Hedman and loses puck.
3:15 of 1st overtime period - Nikita Kucherov is hit by Sam Bennett and loses puck.
3:48 of 1st overtime period - Victor Hedman is hit by Dougie Hamilton and loses puck.
4:05 of 1st overtime period - David Pastrnak is hit by Mario Ferraro and loses puck.
4:10 of 1st overtime period - Slapshot by Brandon Saad.
4:10 of 1st overtime period - Stopped by Joey Daccord with a rebound.
4:12 of 1st overtime period - Slapshot by Brandon Saad.
4:12 of 1st overtime period - Goal by Brandon Saad - Colorado Rockies : 3 - Toronto Maple Leafs : 4.
Goals for this period are 0 for Colorado Rockies vs 1 for Toronto Maple Leafs.
Shots for this period are 3 for Colorado Rockies vs 2 for Toronto Maple Leafs.
Back to the Top